 Dungeon Crawl Stone Soup version 0.28-a0-664-gc179e30c89 (webtiles) character file.

Game seed: 4961010898954797110

130 jfcaron the Skirmisher (level 5, -10/34 HPs)
             Began as a Gargoyle Cinder Acolyte on Oct 16, 2021.
             Was a Priest of Ignis.
             Killed by divine providence
             ... invoked by an orc priest
              (18 damage)
             ... on level 4 of the Dungeon.
             The game lasted 00:09:57 (1891 turns).

jfcaron the Skirmisher (Gargoyle Cinder Acolyte)    Turns: 1891, Time: 00:09:57

Health: -10/34     AC: 10    Str: 18    XL:     5   Next: 13%
Magic:  6/6        EV: 11    Int: 15    God:    Ignis [***...]
Gold:   80         SH:  0    Dex:  5    Spells: 4/6 levels left

rFire   + . .      SeeInvis .   a - -1 mace (flame)
rCold   . . .      Faith    .   (no shield)
rNeg    + . .      Spirit   .   k - +3 leather armour
rPois   ∞          Reflect  .   (no helmet)
rElec   +          Harm     +   h - scarf {harm}
rCorr   .          Rampage  .   (no gloves)
Will    .....                   (no boots)
Stlth   +.........              (no amulet)
HPRegen 0.11/turn               (no ring)
MPRegen 0.10/turn               (no ring)

@: no status effects
A: sickness immunity, AC +4, negative energy resistance 1, electricity
resistance, torment resistance 1, petrification resistance
a: Renounce Religion, Sea of Fire, Foxfire Swarm, Rising Flame


You were on level 4 of the Dungeon.
You worshipped Ignis.
Ignis was most pleased with you.
You visited 1 branch of the dungeon, and saw 4 of its levels.

You collected 80 gold pieces.

Inventory:

Hand Weapons
 a - a -1 mace of flaming (weapon)
 b - a +0 hunting sling of flaming
Missiles
 c - 75 stones (quivered)
 d - 14 arrows
 i - a throwing net {!f}
 l - 8 poisoned darts
 q - 16 sling bullets
Armour
 e - a +0 ring mail
 g - a +0 robe
 h - a scarf of harm (worn)
 k - a +3 leather armour (worn)
Scrolls
 o - a scroll of enchant weapon {unknown}
 p - a scroll of identify {unknown}
Potions
 f - a potion of magic {unknown}
 j - 2 potions of might {unknown}
 m - a potion of invisibility {unknown}
 n - 2 potions of curing {unknown}


   Skills:
 + Level 4.6 Fighting
 + Level 4.2 Maces & Flails
 + Level 2.1 Armour
 - Level 1.0 Spellcasting
 - Level 3.0 Fire Magic


You had 4 spell levels left.
You knew the following spells:

 Your Spells              Type           Power      Damage    Failure   Level
a - Scorch                Fire           18%        2d5       13%         2

Your spell library contained the following spells:

 Spells                   Type           Power      Damage    Failure   Level


Dungeon Overview and Level Annotations

Branches:
Dungeon (4/15)             Temple (0/1) D:4

Altars:
Sif Muna


Innate Abilities, Weirdness & Mutations

You are immune to sickness and miasma.
Your stone body is resilient. (AC +4)
You are immune to poison.
You resist negative energy. (rN+)
You are resistant to electric shocks. (rElec)
You are resistant to unholy torment.
You are immune to petrification.


Message History

Beogh smites you!
* * * LOW HITPOINT WARNING * * *
Your foxfire dissipates!
The foxfire hits the orc priest.
The orc priest is moderately wounded.
The foxfire hits the orc priest.
The orc priest is heavily wounded.
The foxfire hits the orc.
The orc is lightly wounded.
The foxfire hits the orc but does no damage.
The orc is lightly wounded.
The foxfire hits the orc but does no damage.
The orc is lightly wounded.
The foxfire hits the orc priest but does no damage.
The orc priest is moderately wounded.
The foxfire hits the orc but does no damage.
The orc is lightly wounded.
The foxfire hits the orc but does no damage.
The orc is lightly wounded.
The foxfire hits the orc priest.
The orc priest is heavily wounded.
The foxfire hits the orc.
The orc is heavily wounded.
The orc priest looks encouraged for a moment.
The foxfire hits the orc but does no damage.
The orc is heavily wounded.
The foxfire hits the orc.
You kill the orc!
Flames leap up around you!
The foxfire hits the orc priest.
The orc priest is heavily wounded.
The foxfire hits the orc priest.
The orc priest is almost dead.
The foxfire hits the orc priest.
The orc priest is almost dead.
The foxfire hits the orc priest.
You kill the orc priest!
The orc priest mumbles some strange prayers to Beogh against you.
Beogh smites you!
Ouch! That really hurt!
You die...

#.# ###..'..........
#####.# #.##...#######
#.....# #.##...#......
#.#####
#######.######.#####
#.# # #....##.#
#.#.... #.#
#.##§...##.# #.#.###
#.# ###..§§vvvv#.#
#.#.... #.#
#....§vvvvv#.# #.#####
#.#
#...)§vv@vv#.######.##
#.#
#..o)§v###v#.........#
#.# #....§v
#.#...8.8.8.#### #.#
#######
#.#....⌠.⌠...... #.#
#.#.#.8.>?8.#### #.#
#.#....⌠.⌠...... #.#
#.###.8.8.8.##.# #.#
#............... #.#
###################.#


You could see an orc priest.

Vanquished Creatures
  An orc priest (D:4)
  Jessica (D:3)
  A hound skeleton (D:4)
  2 adders
  3 gnolls (D:3)
  2 worms
  2 dart slugs
  2 orcs (D:4)
  2 endoplasms
  A giant cockroach (D:3)
  5 hobgoblins
  2 jackals (D:4)
  A kobold (D:2)
  A quokka (D:3)
  3 ball pythons
  3 bats (D:3)
  A frilled lizard (D:2)
  2 goblins
  3 rats
  51 foxfires
89 creatures vanquished.

Notes
Turn   | Place    | Note
-------+----------+-------------------------------------------
     0 | D:1      | jfcaron the Gargoyle Cinder Acolyte began the quest for the
                  | Orb.
     0 | D:1      | Reached XP level 1. HP: 14/14 MP: 2/2
    41 | D:1      | Found a faded altar of an unknown god.
   511 | D:2      | Reached XP level 2. HP: 16/20 MP: 3/3
   514 | D:2      | Learned a level 2 spell: Scorch
   585 | D:2      | Reached XP level 3. HP: 20/24 MP: 4/4
   669 | D:3      | Noticed Jessica
   676 | D:3      | Killed Jessica
   677 | D:3      | Reached skill level 1 in Armour
   769 | D:3      | HP: 3/24 [gnoll (6)]
   771 | D:3      | Reached XP level 4. HP: 4/29 MP: 2/5
  1440 | D:4      | Reached XP level 5. HP: 30/34 MP: 6/6
  1522 | D:4      | Found a staircase to the Ecumenical Temple.
  1771 | D:4      | Found a shimmering blue altar of Sif Muna.
  1891 | D:4      | Killed from afar by an orc priest

Illustrated notes

Levels and vault maps discovered:
D:1:      dpeg_arrival_shrine, layout_rooms, serial_shops,
          nicolae_lakefront_shop, hellmonk_ecumenical_altar_crossroads
D:2:      layout_loops_ring
D:3:      layout_rooms, cheibrodos_worm_habitat, nemelex_altar_shiori,
          serial_shops, shop, uniq_jessica
D:4:      layout_basic, mainiacjoe_overflow_six_doors_small,
          minmay_temple_entry_statues_fountains, gup_sewer_entry_spiral

Skill      XL: |  1  2  3  4 |
---------------+-------------+-----
Fighting       | 4 |  4.6
Armour         | 1 2 |  2.1
Maces & Flails | 4 |  4.2
Spellcasting   | |  1.0
Fire Magic     | |  3.0

Action                   |  1- 3 |  4- 6 || total
-------------------------+-------+-------++-------
Melee: Mace              |    15 |    50 ||    65
 Fire: Hunting sling     |    23 |    10 ||    33
Throw: Stone             |    12 |    20 ||    32
 Cast: Scorch            |     2 |     1 ||     3
Invok: Foxfire Swarm     |     2 |     2 ||     4
       Sea of Fire       |     1 |       ||     1
  Use: Scroll            |       |     2 ||     2
Armor: Ring mail         |     9 |    13 ||    22
       Robe              |     1 |       ||     1
       Leather armour    |       |    15 ||    15
Dodge: Dodged            |    10 |    34 ||    44

Table legend: (Time is in decaauts)
 A = Elapsed time spent in this place.
 B = Non-inter-level travel time spent in this place.
 C = Inter-level travel time spent in this place.
 D = Time resting spent in this place.
 E = Time spent auto-exploring this place.
 F = Levels seen in this place.
 G = Mean time per level.
                   A        B        C        D        E       F      G
               +--------+--------+--------+--------+--------+-----+--------+
         Total |   1908 |   1784 |    124 |    714 |    353 |   4 |  477.0 |
       Dungeon |   1908 |   1784 |    124 |    714 |    353 |   4 |  477.0 |
               +--------+--------+--------+--------+--------+-----+--------+

Top non-repeatable levels by time:
     D:4: 581 daAuts
     D:3: 571 daAuts
     D:2: 497 daAuts
     D:1: 258 daAuts
